 Dungeon Crawl Stone Soup version 0.22.0-5-gf09313c (webtiles) character file.

85 sking99 the Insei (level 4, -5/29 HPs)
             Began as an Octopode Transmuter on Aug 13, 2018.
             Was an Initiate of Gozag.
             Killed by nerve-wracking pain
             ... invoked by an orc priest
              (10 damage)
             ... on level 3 of the Dungeon.
             The game lasted 00:05:49 (3016 turns).

sking99 the Insei (Octopode Transmuter)             Turns: 3016, Time: 00:05:50

Health: -5/29      AC:  2    Str:  9    XL:     4   Next: 48%
Magic:  1/7        EV: 20    Int: 15    God:    Gozag
Gold:   185        SH:  0    Dex: 18    Spells: 1/7 levels left

rFire    . . .     SeeInvis .     - Unarmed
rCold    . . .     Gourm    .   (shield currently unavailable)
rNeg     . . .     Faith    .   (helmet currently unavailable)
rPois    x         Spirit   .   (no amulet)
rElec    .         Reflect  .   (no ring)
rCorr    .         Harm     .   (no ring)
MR       .....                  (no ring)
Stlth    ++........             (no ring)
HPRegen  0.09/turn              (no ring)
MPRegen  0.10/turn              (no ring)
                                (no ring)
                                (no ring)

@: spider-form (expiring), very slightly contaminated
A: tiny, almost no armour, stealthy swim, (amphibious), 8 rings, (constrict 8)
a: End Transformation, Potion Petition, Call Merchant, Bribe Branch, Renounce
Religion


You were on level 3 of the Dungeon.
You worshipped Gozag.
Gozag was aware of your devotion.
You were not hungry.
You were a venomous arachnid creature.
You visited 1 branch of the dungeon, and saw 3 of its levels.

You collected 205 gold pieces.
You paid 20 gold pieces to Gozag.

Inventory:

Missiles
 a - 42 arrows
Jewellery
 n - an uncursed ring of protection from fire {unknown}
 p - an uncursed ring of poison resistance {unknown}
Scrolls
 d - a scroll of magic mapping {unknown}
 e - 4 scrolls of identify {unknown}
 h - 3 scrolls of remove curse {unknown}
 i - a scroll of amnesia {unknown}
 j - 2 scrolls of enchant weapon {unknown}
 m - 2 scrolls of teleportation {unknown}
Potions
 b - a potion of cancellation {unknown}
 f - a potion of degeneration {unknown}
 g - 2 potions of heal wounds {unknown}
 k - a potion of mutation {unknown}
 l - 2 potions of curing {unknown}
 o - a potion of flight {unknown}
Comestibles
 c - 4 rations


   Skills:
 - Level 2.0 Fighting
 - Level 2.0 Dodging
 + Level 4.2 Unarmed Combat
 - Level 2.0 Spellcasting
 + Level 2.4 Transmutations
 + Level 1.5 Poison Magic


You had one spell level left.
You knew the following spells:

 Your Spells              Type           Power        Failure   Level  Hunger
a - Beastly Appendage     Tmut           #.....       22%         1    #......
b - Sticks to Snakes      Tmut           #.......     28%         2    ###....
c - Spider Form           Tmut/Pois      #.........   50%         3    ###....

Your spell library contained the following spells:

 Spells                   Type           Power        Failure   Level  Hunger
 Blade Hands              Tmut           #.........   98%         5    ######.
 Ice Form                 Ice/Tmut       #.......     92%         4    #####..


Dungeon Overview and Level Annotations

Branches:
Dungeon (3/15)

Altars:
Gozag


Innate Abilities, Weirdness & Mutations

You cannot wear most types of armour.
You are very stealthy in the water. (Stealth+)
((You are amphibious.))
You can wear up to eight rings at the same time.
((You can use your tentacles to constrict eight enemies at once.))
((Your skin changes colour to match your surroundings (Stealth+).))
((Your rubbery body absorbs attacks. (AC +1, EV +1)))


Message History

You hit the orc priest but do no damage.
The orc priest is poisoned.
The orc priest calls down the wrath of Beogh upon you.
Beogh smites you!
* * * LOW HITPOINT WARNING * * *
The orc hits you.
* * * LOW HITPOINT WARNING * * *
You hit the orc priest.
The orc priest is moderately wounded.
The orc priest misses you. The orc misses you.
You hit the orc priest but do no damage.
The orc priest is heavily wounded.
An orc comes into view. It is wielding a club.
You hit the orc priest but do no damage.
The orc priest is heavily wounded.
The orc misses you.
The orc priest calls down the wrath of Beogh upon you.
Pain shoots through your body!
You die...
Your body crumbles into a pile of gold.

...##.##...##.#
#####.#######.# .#....
## #...# #.# ..... .#
#.#.# #.###.... .###...#
#......o. ...##.##
#.###..##
.#.##.#######.# r.#
.#.##.........###o.####.
#..#...##).....$sow.....
##..............#.......
#..#...######....#######
.#.##.## #..........#
.#.##.# ##...#####.#.#
.#.##.# ##.## #.#.#
.#.##.# #.# ##.#.#
.#.##.# #.#####....#
...##.# #.>........## #


You could see an orc priest, a dart slug, 2 orcs and a rat.

Vanquished Creatures
  2 adders (D:2)
  A worm (D:3)
  4 dart slugs
  2 leopard geckos (D:2)
  5 orcs
  A giant cockroach (D:2)
  4 goblins
  6 hobgoblins
  5 kobolds (D:1)
  2 quokkas
  5 bats
  5 frilled lizards
  11 rats
53 creatures vanquished.

Notes
Turn   | Place    | Note
-------+----------+-------------------------------------------
     0 | D:1      | sking99 the Octopode Transmuter began the quest for the Orb.
     0 | D:1      | Reached XP level 1. HP: 13/13 MP: 3/3
   124 | D:1      | Reached XP level 2. HP: 12/18 MP: 3/5
   990 | D:1      | Learned a level 2 spell: Sticks to Snakes
  1095 | D:1      | Reached XP level 3. HP: 21/24 MP: 4/6
  1413 | D:1      | Learned a level 3 spell: Spider Form
  1591 | D:2      | Reached skill level 4 in Unarmed Combat
  1622 | D:2      | Found an opulent altar of Gozag.
  1721 | D:2      | Became a worshipper of Gozag Ym Sagoz the Greedy
  1908 | D:2      | Reached skill level 1 in Poison Magic
  2109 | D:2      | Reached XP level 4. HP: 27/29 MP: 7/7
  3016 | D:3      | Killed from afar by an orc priest

Skill      XL: |  1  2  3 |
---------------+----------+-----
Unarmed Combat | 4 |  4.2
Fighting       | 2 |  2.0
Poison Magic   | 1 |  1.5
Dodging        | |  2.0
Spellcasting   | |  2.0
Transmutations | |  2.4

Action                   |  1- 3 |  4- 6 || total
-------------------------+-------+-------++-------
Melee: Unarmed           |    95 |    43 ||   138
       Constrict         |    26 |     7 ||    33
       Tentacles         |    16 |     2 ||    18
       Kick              |     9 |       ||     9
       Punch             |     3 |     1 ||     4
 Cast: Beastly Appendage |    18 |       ||    18
       Sticks to Snakes  |     1 |       ||     1
       Spider Form       |       |     3 ||     3
 Stab: Sleeping          |     5 |     1 ||     6
  Eat: Chunk             |     4 |       ||     4
       Ration            |       |     1 ||     1
Armor: Skin              |     7 |     5 ||    12
Dodge: Dodged            |    37 |    26 ||    63
